 Dungeon Crawl Stone Soup version 0.18-b1-18-g7758cf2 (webtiles) character file.

92758 pipel the Devastator (level 15, 0/126 HPs)
             Began as a Red Draconian Conjurer on May 2, 2016.
             Was the Champion of Qazlal.
             Slain by a shambling mangrove (20 damage)
             ... while paralysed by a wasp
             ... on level 1 of the Swamp.
             The game lasted 03:01:24 (23829 turns).

pipel the Devastator (Red Draconian Conjurer)      Turns: 23829, Time: 03:01:24

Health: 0/126      AC: 18    Str: 10    XL:     15   Next: 58%
Magic:  4/38       EV:  2    Int: 22    God:    Qazlal [******]
Gold:   1497       SH:  0    Dex: 15    Spells: 9 memorised, 5 levels left

rFire  + + .     SeeInvis .     a - +5 rapier "Syomyuvu" {drain, *Noise rElec rC+ Dex+3}
rCold  + + .     Gourm    +     (armour unavailable)
rNeg   . . .     Faith    .     (no shield)
rPois  .         Spirit   .     (helmet restricted)
rElec  +         Dismiss  .     y - +1 cloak
rCorr  .         Reflect  .     I - +0 pair of gloves {rC+}
SustAt .         Harm     .     Q - +2 pair of boots
MR     +....                    S - amulet of the gourmand
Stlth  +.........               r - ring of magical power
                                C - ring of protection from fire

@: paralysed, short of breath, grasped by roots, protected from physical damage,
delayed fireball, studying Dodging, repel missiles, drained, very slow, somewhat
resistant to hostile enchantments, very unstealthy
A: breathe fire, unfitting armour, fire resistance 1, cold-blooded, AC +9
a: Breathe Fire, Upheaval, Elemental Force, Disaster Area, Renounce Religion,
Release Delayed Fireball


You were on level 1 of the Swamp.
You worshipped Qazlal.
Qazlal was exalted by your worship.
You were not hungry.

You visited 4 branches of the dungeon, and saw 24 of its levels.
You also visited: Bailey, Ice Cave and Volcano.

You collected 1497 gold pieces.

Inventory:

Hand Weapons
 a - the +5 rapier "Syomyuvu" (weapon) {drain, *Noise rElec rC+ Dex+3}
   (You found it on level 10 of the Dungeon)

   A truly terrible weapon, it drains the life of those it strikes.
   It affects your dexterity (+3).
   It protects you from cold.
   It insulates you from electricity.
   It may make noises in combat.
 p - the +0 flail of Modesty {crush, +Inv rF+++}
   (You found it on level 9 of the Dungeon)

   It inflicts extra damage upon your enemies.
   It renders you almost immune to fire.
   It lets you turn invisible.
 q - a +3 dagger of electrocution
 R - a +5 blowgun
Missiles
 K - 69 tomahawks of returning (quivered)
 O - 5 curare-tipped needles
Armour
 y - a +1 cloak (worn)
 I - a +0 pair of gloves of cold resistance (worn)
 Q - a +2 pair of boots (worn)
Rods
 b - a +0 rod of ignition (11/11)
   (You found it on level 5 of the Lair of Beasts)
Jewellery
 c - an uncursed ring of protection from cold
 r - a ring of magical power (right hand)
 C - a ring of protection from fire (left hand)
 S - an amulet of the gourmand (around neck)
 W - the amulet of Cekugob {Dismiss -Tele rElec rPois rN++ AC+1 EV+1}
   (You found it on level 8 of the Dungeon)

   [amulet of dismissal]

   It may teleport away creatures that harm you.
   It affects your AC (+1).
   It affects your evasion (+1).
   It insulates you from electricity.
   It protects you from poison.
   It greatly protects you from negative energy.
   It prevents most forms of teleportation.
Wands
 h - a wand of digging (7/24)
 s - a wand of heal wounds (6/9)
 t - a wand of heal wounds (8/9)
 x - a wand of lightning (7/15)
 V - a wand of iceblast (11/15)
 Y - a wand of acid (3/15)
Scrolls
 e - 4 scrolls of enchant armour
 g - 9 scrolls of remove curse
 n - a scroll of fog
 v - 3 scrolls of magic mapping
 B - 3 scrolls of fear
 J - 8 scrolls of teleportation
 T - a scroll of blinking
 U - 2 scrolls of recharging
Potions
 i - 2 potions of magic
 k - 3 potions of brilliance
 l - 6 potions of lignification
 m - a potion of resistance
 o - 5 potions of heal wounds
 u - a potion of ambrosia
 A - 3 potions of agility
 D - 6 potions of haste
 E - 2 potions of flight
 F - 8 potions of curing
 H - 4 potions of might
 L - 4 potions of cure mutation
 M - 2 potions of invisibility
 Z - 5 potions of berserk rage
Books
 f - a book of Fire

   Spells                             Type                      Level
   a - Ignite Poison                  Fire/Transmutation/Poison    3
   b - Fireball                       Conjuration/Fire             5
   c - Bolt of Fire                   Conjuration/Fire             6
   d - Delayed Fireball               Conjuration/Fire             7
   e - Ring of Flames                 Charms/Fire                  7
 w - a manual of Dodging
Miscellaneous
 d - a disc of storms
 j - a fan of gales (inert)
Comestibles
 z - 4 meat rations
 G - 23 fruits
 N - a royal jelly
 P - 18 bread rations
 X - a beef jerky


   Skills:
 - Level 9.8(9.6) Fighting
 - Level 9.3(9.1) Short Blades
 - Level 3.5(3.4) Throwing
 + Level 5.8(5.7) Dodging
 - Level 1.8(1.7) Stealth
 + Level 10.4(10.2) Spellcasting
 - Level 18.2(18.0) Conjurations
 - Level 4.4(4.3) Charms
 - Level 2.4(2.2) Necromancy
 - Level 5.7(5.5) Fire Magic
 - Level 3.0(2.9) Air Magic
 - Level 6.4(6.3) Invocations
 - Level 4.7(4.5) Evocations


You had 5 spell levels left.
You knew the following spells:

 Your Spells              Type           Power        Failure   Level  Hunger
a - Magic Dart            Conj           ####         0%          1    None
b - Searing Ray           Conj           ######       0%          2    None
c - Iskenderun's Mystic   Conj           ######..     1%          4    ##.....
d - Iskenderun's Battles  Conj/Chrm      ######..     1%          5    ####...
e - Dazzling Spray        Conj/Hex       ######..     1%          3    None
f - Lightning Bolt        Conj/Air       ######....   1%          5    ####...
g - Fireball              Conj/Fire      ######....   1%          5    ####...
h - Delayed Fireball      Conj/Fire      N/A          45%         7    #######
R - Corpse Rot            Necr           N/A          4%          2    None


Dungeon Overview and Level Annotations

Branches:
Dungeon (14/15)            Temple (0/1) D:5            Lair (8/8) D:8
  Swamp (1/4) Lair:5       Spider (0/4) Lair:3        Slime (0/6) Lair:7
    Orc (1/2) D:10
 Vaults: D:13-14

Altars:
Ashenzari
Dithmenos
Elyvilon
Fedhas
Gozag
Makhleb
Pakellas
Qazlal
Ru
Trog
Vehumet
Xom
Yredelemnul
Zin
Jiyva

Shops:
D:8 %


Innate Abilities, Weirdness & Mutations

You can breathe blasts of fire.
Your fiery red scales are hard (AC +9).
Your body does not fit into most forms of armour.
Your flesh is heat resistant.
You are cold-blooded and may be slowed by cold attacks.


Message History

You hit the shambling mangrove.
The shambling mangrove is almost destroyed.
You block the wasp's attack.
The shambling mangrove closely misses you.
You hit the shambling mangrove.
You tail-slap the shambling mangrove, but do no damage.
The shambling mangrove is almost destroyed.
The wasp stings you.
You suddenly lose the ability to move!
The shambling mangrove hits you.
You feel more protected from physical attacks.
The wasp stings you but does no damage. The wasp stings you.
The wasp stings you but does no damage. The shambling mangrove hits you.
You feel more protected from physical attacks.
The wasp barely misses you.
The shadow strikes at you from the darkness!
* * * LOW HITPOINT WARNING * * *
Reactivating autopickup.
The wasp stings you but does no damage. The shambling mangrove hits you!!
You die...

♣♣♣♣.....♣ ♣...≈≈≈≈.♣♣
.♣≈.≈ ♣♣...≈≈≈.≈♣♣
♣♣≈...≈≈
♣≈..≈≈≈≈≈.♣♣♣♣♣≈≈$≈≈≈≈≈
♣♣♣.≈≈≈≈≈.♣....≈.≈≈≈≈..
♣..≈≈≈≈≈..≈≈≈≈≈≈≈≈≈≈.≈
♣♣≈≈≈≈≈≈..§§§≈§≈≈≈≈≈.≈
♣♣...≈≈≈≈≈≈≈*≈f.≈≈≈≈.♣
♣.≈≈≈...≈≈≈§§@y≈....≈♣♣
♣.≈≈≈≈≈≈≈≈≈≈..W†♣...§≈≈
♣.≈≈≈≈≈≈≈≈≈≈§§§§≈...♣♣
♣...≈≈≈≈≈≈≈≈...≈≈≈.≈♣
♣♣..≈≈≈.≈≈≈≈.≈..≈≈≈≈♣
♣♣♣..>.≈≈≈.≈≈≈.≈≈≈.♣
♣♣♣♣..≈...≈≈.≈≈≈.♣
♣♣≈♣♣♣.≈♣≈....≈≈≈.♣
♣.≈≈.≈♣♣♣♣≈.≈♣...≈♣


You could see a shambling mangrove, a shadow, a wasp and a friendly
battlesphere.

Vanquished Creatures
  The ghost of privategoon the Tortoise, a journeyman MiFi of Okawaru (Lair:7)
  Snorg (Lair:3)
  10 slime creatures
  9 hydras
  Erolcha (D:8)
  A catoblepas (Lair:7)
  A ghost crab (Swamp:1)
  4 centaur warriors
  13 death yaks
  Urug (D:10)
  Sonja (D:12)
  2 skeletal warriors
  A fire crab (Lair:8)
  3 unseen horrors
  The ghost of execc the Cudgeler, a novice VSBe of Trog (D:10)
  3 hill giants
  Pikel (D:8)
  5 ugly things
  A necromancer (IceCv)
  A deep elf mage (Volcano)
  A manticore (Lair:6)
  7 black mambas
  2 centaur zombies (D:14)
  2 griffons (Lair:6)
  An ice statue (IceCv)
  11 elephants
  24 spiny frogs
  A gargoyle (D:11)
  An efreet (D:13)
  6 rime drakes
  6 komodo dragons
  10 freezing wraiths (IceCv)
  2 kobold demonologists
  5 polar bears (Lair:7)
  4 trolls
  2 giant leeches
  A wolf spider simulacrum (IceCv)
  12 blink frogs (Lair:8)
  4 two-headed ogres
  2 bog bodies (Swamp:1)
  A redback (Lair:3)
  5 wyverns
  7 basilisks
  3 wraiths
  A shadow (D:13)
  2 spriggans
  34 yaks
  4 hungry ghosts
  A steam dragon (D:13)
  6 vampire mosquitoes
  2 mottled dragons (D:12)
  13 hippogriffs
  A warg (D:10)
  Menkaure (D:5)
  10 swamp worms
  15 water moccasins
  3 hell hounds
  16 porcupines
  13 orc warriors
  3 sky beasts
  A slave (D:8)
  5 wasps
  An eye of draining (D:11)
  2 black bears
  4 phantoms
  15 ice beasts
  6 necrophages (Lair:5)
  The ghost of ThereIsNoGod the Ducker, an amateur MfGl (D:3)
  32 wolves
  5 ogres
  17 crocodiles
  9 centaurs
  3 big kobolds
  28 giant frogs
  A wyvern zombie (D:14)
  A water moccasin zombie (D:11)
  7 scorpions
  12 killer bees
  15 wights
  An elephant simulacrum (IceCv)
  3 howler monkeys (D:8)
  4 electric eels
  10 crimson imps
  8 hounds
  2 quasits
  4 draconian simulacra (IceCv)
  4 jellies
  3 giant frog skeletons
  A gnoll shaman (D:5)
  6 orc priests
  Ijyb (D:3)
  Jessica (D:3)
  15 iguanas
  15 orc wizards
  2 spriggan simulacra (IceCv)
  9 worker ants
  4 troll simulacra (IceCv)
  8 sheep (Lair:8)
  2 killer bee zombies
  2 wolf simulacra (IceCv)
  3 centaur simulacra (IceCv)
  A hound skeleton (D:6)
  A worker ant zombie (D:5)
  Robin (D:2)
  2 howler monkey skeletons
  22 gnolls
  3 naga simulacra (IceCv)
  4 ogre simulacra (IceCv)
  41 river rats
  16 adders
  2 shadow imps
  12 white imps (IceCv)
  An adder skeleton (D:4)
  2 adder zombies
  13 worms
  7 dart slugs
  8 giant geckos
  71 orcs
  2 ball pythons
  4 bats
  8 giant cockroaches
  17 goblins
  21 hobgoblins
  15 jackals
  23 kobolds
  4 quokkas
  A giant gecko skeleton (D:5)
  A giant gecko zombie (D:8)
  10 giant newts
  6 rats
  4 bushes
  A butterfly (Lair:5)
  94 fungi
  67 plants
1064 creatures vanquished.

Vanquished Creatures (others)
  A hog (Volcano)
  A slave (D:8)
  A giant gecko (D:8)
  27 fungi
  14 plants
44 creatures vanquished.

Grand Total: 1108 creatures vanquished

Notes
Turn   | Place    | Note
--------------------------------------------------------------
     0 | D:1      | pipel the Draconian Conjurer began the quest for the Orb.
     0 | D:1      | Reached XP level 1. HP: 14/14 MP: 3/3
   315 | D:1      | Reached XP level 2. HP: 7/20 MP: 1/5
   639 | D:1      | Learned a level 2 spell: Searing Ray
   835 | D:1      | Reached XP level 3. HP: 27/27 MP: 6/6
  1196 | D:2      | Noticed Robin
  1202 | D:2      | Killed Robin
  1288 | D:2      | Found a shattered altar of Ashenzari.
  1290 | D:2      | Found a stormy altar of Qazlal.
  1301 | D:2      | Became a worshipper of Qazlal Stormbringer
  1338 | D:2      | Reached skill level 5 in Conjurations
  1339 | D:2      | Reached XP level 4. HP: 34/34 MP: 7/7
  1854 | D:3      | Learned a level 4 spell: Iskenderun's Mystic Blast
  1857 | D:3      | Noticed Jessica
  1859 | D:3      | Killed Jessica
  1868 | D:3      | Reached XP level 5. HP: 39/39 MP: 7/9
  1872 | D:3      | Reached * piety under Qazlal
  1872 | D:3      | Reached skill level 1 in Throwing
  2086 | D:3      | Noticed Ijyb
  2093 | D:3      | Killed Ijyb
  2145 | D:3      | Reached skill level 1 in Fighting
  2429 | D:3      | Found an oddly glowing altar of Pakellas.
  2447 | D:3      | Noticed ThereIsNoGod's ghost (amateur MfGl)
  2454 | D:3      | Killed ThereIsNoGod's ghost
  2454 | D:3      | Reached XP level 6. HP: 38/47 MP: 3/12
  3293 | D:4      | Found an opulent altar of Gozag.
  3324 | D:4      | Reached ** piety under Qazlal
  3398 | D:4      | Reached skill level 5 in Spellcasting
  3398 | D:4      | Reached skill level 6 in Conjurations
  3398 | D:4      | Your scales start taking on a fiery red colour.
  3398 | D:4      | Reached XP level 7. HP: 45/52 MP: 0/14
  3398 | D:4      | Gained mutation: Your flesh is heat resistant. [Red Draconian growth]
  3413 | D:4      | Found a shadowy altar of Dithmenos.
  4046 | D:5      | Entered Level 5 of the Dungeon
  4094 | D:5      | Found a bloodstained altar of Trog.
  4096 | D:5      | Noticed Menkaure
  4101 | D:5      | Killed Menkaure
  4220 | D:5      | Found a blossoming altar of Fedhas.
  4232 | D:5      | Found a staircase to the Ecumenical Temple.
  4258 | D:5      | Reached XP level 8. HP: 31/61 MP: 4/17
  4761 | D:5      | Found a glowing silver altar of Zin.
  4762 | D:5      | Noticed an angel
  4809 | D:5      | Got a brightly glowing whip
  4812 | D:5      | Identified the +1 whip of the Morning {slash, +Fly Str+3} (You found it on level 5 of the Dungeon)
  4876 | D:5      | Found a burning altar of Makhleb.
  4877 | D:5      | Found a shimmering altar of Xom.
  5043 | D:5      | Reached *** piety under Qazlal
  5043 | D:5      | Reached skill level 1 in Short Blades
  5220 | D:6      | Reached skill level 7 in Conjurations
  5300 | D:6      | Found a white marble altar of Elyvilon.
  5438 | D:5      | Found a staircase to the Ecumenical Temple.
  5459 | D:5      | Found a blossoming altar of Fedhas.
  5838 | D:6      | Found a basalt altar of Yredelemnul.
  6008 | D:6      | Reached XP level 9. HP: 65/68 MP: 2/21
  6078 | D:6      | Learned a level 5 spell: Iskenderun's Battlesphere
  6117 | D:7      | Reached skill level 1 in Charms
  6138 | D:7      | Reached **** piety under Qazlal
  6207 | D:7      | Found a flagged portal.
  6212 | Bailey   | Entered a bailey
  6661 | Bailey   | Reached ***** piety under Qazlal
  6777 | D:7      | Reached skill level 8 in Conjurations
  7212 | D:7      | Found a radiant altar of Vehumet.
  7478 | D:8      | Reached skill level 9 in Conjurations
  7537 | D:8      | Reached XP level 10. HP: 78/78 MP: 6/22
  7546 | D:8      | Noticed Pikel
  7552 | D:8      | Noticed Erolcha
  7553 | D:8      | Killed Pikel
  7674 | D:8      | Killed Erolcha
  7685 | D:8      | Found Esyori's Food Shop.
  7722 | D:8      | Found a sacrificial altar of Ru.
  8147 | D:8      | Found a staircase to the Lair.
  8199 | D:9      | Reached skill level 10 in Conjurations
  8559 | D:9      | Got a polished flail
  8560 | D:9      | Identified the cursed +0 flail of Modesty {crush, +Inv rF+++} (You found it on level 9 of the Dungeon)
  8676 | D:9      | Found a shimmering altar of Xom.
  8758 | D:10     | Entered Level 10 of the Dungeon
  8809 | D:10     | Reached skill level 1 in Evocations
  8812 | D:10     | Reached skill level 5 in Fighting
  8824 | D:10     | Noticed execc's ghost (novice VSBe)
  8855 | D:10     | Reached ****** piety under Qazlal
  9021 | D:9      | Found a shimmering altar of Xom.
  9064 | D:10     | Killed execc's ghost
  9064 | D:10     | Reached XP level 11. HP: 88/88 MP: 13/24
  9068 | D:10     | Reached skill level 5 in Short Blades
  9088 | D:10     | Noticed Urug
  9241 | D:9      | Learned a level 3 spell: Dazzling Spray
  9244 | D:9      | Learned a level 2 spell: Corpse Rot
  9453 | D:10     | Found a staircase to the Orcish Mines.
  9472 | D:10     | Killed Urug
  9484 | D:10     | Reached skill level 11 in Conjurations
  9494 | D:10     | Got a crude rapier
  9495 | D:10     | Identified the +5 rapier "Syomyuvu" {drain, *Noise rElec rC+ Dex+3} (You found it on level 10 of the Dungeon)
  9965 | D:10     | Reached skill level 1 in Necromancy
 10051 | D:11     | Killed an unseen horror
 10185 | D:10     | Noticed a hill giant
 10208 | D:10     | Killed a hill giant
 10399 | D:11     | Reached skill level 10 in Spellcasting
 10491 | D:11     | Noticed a hill giant
 10495 | D:11     | Killed a hill giant
 10686 | D:11     | Killed an unseen horror
 10837 | D:11     | Reached XP level 12. HP: 53/96 MP: 0/26
 11502 | D:12     | Found a frozen archway.
 11529 | D:12     | Reached skill level 1 in Invocations
 11560 | D:12     | Noticed Sonja
 11561 | IceCv    | Entered an ice cave
 11906 | IceCv    | Reached skill level 12 in Conjurations
 12623 | IceCv    | Found an ancient bone altar of Kikubaaqudgha.
 12987 | D:12     | Killed Sonja
 13456 | D:13     | Noticed a centaur warrior
 13467 | D:13     | Killed a centaur warrior
 13467 | D:13     | Reached skill level 13 in Conjurations
 13492 | D:13     | Reached XP level 13. HP: 84/107 MP: 2/27
 13687 | D:13     | Reached skill level 5 in Invocations
 14368 | D:14     | Noticed a ghoul
 15029 | Orc:1    | Entered Level 1 of the Orcish Mines
 15029 | Orc:1    | Noticed a stone giant
 15056 | Lair:1   | Entered Level 1 of the Lair of Beasts
 15534 | Lair:1   | Learned a level 5 spell: Fireball
 15662 | Lair:2   | Reached skill level 14 in Conjurations
 15692 | Lair:2   | Reached skill level 1 in Fire Magic
 16634 | Lair:3   | Noticed Snorg
 16644 | Lair:3   | Killed Snorg
 16982 | Lair:3   | Found a hole to the Spider Nest.
 17451 | Lair:4   | Reached XP level 14. HP: 119/119 MP: 21/28
 18135 | Lair:5   | Reached skill level 5 in Fire Magic
 18426 | Lair:5   | Found a staircase to the Swamp.
 18539 | Lair:5   | Learned a level 5 spell: Lightning Bolt
 18618 | Lair:5   | Identified a +0 rod of ignition (11/11) (You found it on level 5 of the Lair of Beasts)
 18927 | Lair:6   | Reached skill level 1 in Air Magic
 19705 | Lair:6   | Reached skill level 15 in Conjurations
 19978 | Lair:7   | Noticed privategoon's ghost (journeyman MiFi)
 20804 | Lair:7   | Reached skill level 16 in Conjurations
 20962 | Lair:7   | Found a staircase to the Slime Pits.
 20963 | Lair:7   | Found a viscous altar of Jiyva.
 21116 | Lair:7   | Killed privategoon's ghost
 21230 | Lair:5   | Found a staircase to the Swamp.
 21762 | Lair:7   | Reached skill level 17 in Conjurations
 21762 | Lair:7   | Reached XP level 15. HP: 126/126 MP: 21/29
 22008 | Lair:8   | Entered Level 8 of the Lair of Beasts
 22391 | Lair:8   | Found a dark tunnel.
 22398 | Volcano  | Entered a volcano
 22721 | Lair:8   | Reached skill level 18 in Conjurations
 23427 | Swamp:1  | Entered Level 1 of the Swamp
 23487 | Swamp:1  | Reached skill level 5 in Dodging
 23727 | Swamp:1  | Learned a level 7 spell: Delayed Fireball
 23826 | Swamp:1  | Paralysed by a wasp for 3 turns
 23829 | Swamp:1  | Slain by a shambling mangrove

Skill      XL: |  1  2  3  4  5  6  7  8  9 10 11 12 13 14 15 |
---------------+----------------------------------------------+-----
Conjurations   | 5 6 7 9 10 11 13 14 17 18 | 18.2
Spellcasting   | 3 4 5 6 8 9 10 | 10.4
Throwing       | 1 2 3 |  3.5
Fighting       | 1 2 4 5 6 8 9 |  9.8
Short Blades   | 1 3 4 6 7 9 |  9.3
Charms         | 3 4 |  4.4
Evocations     | 1 4 |  4.7
Necromancy     | 2 |  2.4
Invocations    | 4 6 |  6.4
Fire Magic     | 3 5 |  5.7
Air Magic      | 3 |  3.0
Dodging        | 5 |  5.8
Stealth        | |  1.8

Action                   |  1- 3 |  4- 6 |  7- 9 | 10-12 | 13-15 || total
-------------------------+-------+-------+-------+-------+-------++-------
Melee: Unarmed           |     9 |       |       |       |       ||     9
       Dagger            |     5 |    74 |   181 |   144 |       ||   404
       Tailslap          |     2 |     4 |    17 |    52 |    96 ||   171
       Rapier            |       |       |       |   313 |   733 ||  1046
       Blowgun           |       |       |       |     1 |       ||     1
 Fire: Hand crossbow     |       |       |    18 |     3 |       ||    21
       Blowgun           |       |       |       |     6 |     1 ||     7
Throw: Stone             |    16 |     5 |     3 |       |       ||    24
       Tomahawk          |       |       |    12 |    11 |    22 ||    45
 Cast: Magic Dart        |    58 |    33 |    40 |     4 |    12 ||   147
       Searing Ray       |     9 |    18 |    11 |     5 |       ||    43
       Iskenderun's Myst |       |     8 |    97 |   201 |   158 ||   464
       Iskenderun's Batt |       |       |       |     4 |    32 ||    36
       Corpse Rot        |       |       |       |     7 |    10 ||    17
       Fireball          |       |       |       |       |   124 ||   124
       Lightning Bolt    |       |       |       |       |    13 ||    13
       Delayed Fireball  |       |       |       |       |     1 ||     1
Invok: Disaster Area     |       |       |       |       |     1 ||     1
 Abil: Breathe Fire      |       |       |    27 |    70 |    85 ||   182
Evoke: Wand              |       |       |       |     9 |    15 ||    24
       Disc of storms    |       |       |       |       |     4 ||     4
       Rod               |       |       |       |       |     3 ||     3
       Fan of gales      |       |       |       |       |     1 ||     1
  Use: Scroll            |       |       |    15 |     6 |    17 ||    38
       Potion            |       |       |       |     8 |       ||     8
 Stab: Paralysed         |       |       |       |     4 |       ||     4
  Eat: Chunk             |     3 |     8 |    42 |    48 |    77 ||   178
       Royal jelly       |       |       |       |     2 |       ||     2
       Pizza             |       |       |       |       |     1 ||     1
       Beef jerky        |       |       |       |       |     1 ||     1
Armor: Skin              |     6 |    35 |    83 |   234 |   260 ||   618
Dodge: Dodged            |    10 |    62 |   153 |   267 |   313 ||   805
       Deflected         |       |       |    16 |    16 |    11 ||    43
Block: Other             |       |     2 |    48 |   209 |   267 ||   526
